 Dungeon Crawl Stone Soup version 0.29.1-1-gd02db6906a (webtiles) character file.

Game seed: 15558230558459693120

10 lonewolfV2 the Magician (level 2, 0/16 HPs)
             Began as a Deep Elf Transmuter on Oct 17, 2022.
             Slain by a hobgoblin (3 damage)
             ... on level 1 of the Dungeon.
             The game lasted 00:00:57 (684 turns).

lonewolfV2 the Magician (Deep Elf Transmuter)        Turns: 684, Time: 00:00:57

Health: 0/16       AC:  2    Str:  7    XL:     2   Next: 10%
Magic:  8/8        EV: 12    Int: 17    God:
Gold:   16         SH:  0    Dex: 15    Spells: 6/7 levels left

rFire   . . .      SeeInvis .     - Unarmed
rCold   . . .      Faith    .   (no shield)
rNeg    . . .      Spirit   .   a - +0 robe
rPois   .          Reflect  .   (helmet currently unavailable)
rElec   .          Harm     .   (no cloak)
rCorr   .          Rampage  .   (no gloves)
Will    .....                   (boots currently unavailable)
Stlth   +.........              (no amulet)
HPRegen 0.05/turn               (no ring)
MPRegen 0.11/turn               (no ring)

@: appendages (expiring)
A: horns 2, talons 2
a: End Transformation


You were on level 1 of the Dungeon.
You had temporarily grown beastly horns and talons.
You visited 1 branch of the dungeon, and saw 1 of its levels.

You collected 16 gold pieces.

Inventory:

Armour
 a - a +0 robe (worn)
Jewellery
 c - a ring of positive energy
Scrolls
 d - a scroll of enchant weapon {unknown}
 e - a scroll of fog {unknown}
Potions
 b - a potion of lignification
 f - a potion of attraction {unknown}


   Skills:
 + Level 1.0 Fighting
 + Level 2.6 Dodging
 + Level 2.5 Unarmed Combat
 + Level 3.2 Spellcasting
 + Level 2.4 Transmutations


You had 6 spell levels left.
You knew the following spells:

 Your Spells              Type           Power      Damage    Failure   Level
a - Beastly Appendage     Tmut           20%        N/A       6%          1

Your spell library contained the following spells:

 Spells                   Type           Power      Damage    Failure   Level
 Wereblood                Tmut           10%        N/A       10%         2
 Spider Form              Tmut/Pois      6%         N/A       30%         3
 Ice Form                 Ice/Tmut       6%         N/A       71%         4


Dungeon Overview and Level Annotations

Branches:
Dungeon (1/15)

Altars:


Innate Abilities, Weirdness & Mutations

You have temporarily grown beastly horns and talons.


Message History

The bat hits you.
The ball python bites you but does no damage.
The ball python grabs you. The ball python constricts you.
The giant cockroach barely misses you. The ball python barely misses you.
The ball python constricts you.
You hit the giant cockroach but do no damage.
The bat barely misses you.
The giant cockroach bites you but does no damage.
The ball python bites you. The ball python constricts you.
You hit the giant cockroach.
The giant cockroach is heavily wounded.
The bat completely misses you. The giant cockroach barely misses you.
The ball python barely misses you. The ball python constricts you.
You hit the giant cockroach but do no damage.
The giant cockroach is heavily wounded.
The bat hits you but does no damage. The giant cockroach bites you.
The ball python bites you. The ball python constricts you.
Unknown command.
You escape the ball python's grasp.
The ball python attacks as you move away!
The ball python misses you. x2; The bat barely misses you.
The giant cockroach misses you.
You hit the ball python.
You kill the ball python!
Your transformation is almost over.
The bat completely misses you. The giant cockroach barely misses you.
The giant cockroach completely misses you.
The bat hits you.
The giant cockroach attacks as you move away!
The giant cockroach bites you.
* * * LOW HITPOINT WARNING * * *
You hit the giant cockroach. Your kick misses the giant cockroach.
The giant cockroach is severely wounded.
The giant cockroach bites you but does no damage.
You barely miss the giant cockroach. You claw the giant cockroach.
You kill the giant cockroach!
The bat hits you.
* * * LOW HITPOINT WARNING * * *
The hobgoblin hits you.
You die...

#.....##### #.........#
#.#### #.........## #.#..#
#....>...... #.#..#
#.....##### ###.#..#
#........## #......
#####.##..# ##.#.#.# #
#####)###.###..#g#.##.##...
#..............@b..........
#.#.....#.###.##.#....##...
#.....#.# #.##.#..#.....
#.....#.# #.##.#..#.##...
#.....#.# #....#... . ..
###'###.#########.#.## #
#.###...... .....
.###......#########. ..
#..........#.....#


You could see a hobgoblin and a bat.

Vanquished Creatures
  A bat (D:1)
  A giant cockroach (D:1)
  2 goblins (D:1)
  3 hobgoblins (D:1)
  A quokka (D:1)
  A ball python (D:1)
9 creatures vanquished.

Notes
Turn   | Place    | Note
-------+----------+-------------------------------------------
     0 | D:1      | lonewolfV2 the Deep Elf Transmuter began the quest for the
                  | Orb.
     0 | D:1      | Reached XP level 1. HP: 11/11 MP: 6/6
   552 | D:1      | Reached skill level 1 in Fighting
   586 | D:1      | Reached XP level 2. HP: 11/16 MP: 6/8
   684 | D:1      | Slain by a hobgoblin

Illustrated notes

Levels and vault maps discovered:
D:1:      kennysheep_arrival_seaside, layout_basic, minmay_hedge_maze

Skill      XL: |  1 |
---------------+----+-----
Fighting       | 1 |  1.0
Dodging        | |  2.6
Unarmed Combat | |  2.5
Spellcasting   | |  3.2
Transmutations | |  2.4

Action                   || total
-------------------------++-------
Melee: Unarmed           ||    27
       Kick              ||     7
       Headbutt          ||     4
 Cast: Beastly Appendage ||     6
Armor: Robe              ||     6
Dodge: Dodged            ||    23
